[Event "Titled Tuesday Blitz April 19 Early 2022"]
[White "SsanderSseverino"]
[Black "Goryachkina, Aleksandra"]
[BlackFideId "4147103"]
[WhiteElo "2539"]
[BlackElo "2426"]
[Result "1/2-1/2"]
[Round "11"]
[TimeControl "180+1"]
[Date "2022.04.19"]
[WhiteClock "0:00:06"]
[BlackClock "0:00:04"]

1. d4 Nf6 2. c4 e6 3. g3 d5 4. Nf3 Be7 5. Bg2 O-O 6. Qc2 c5 7. dxc5 Qa5+ 8. Nc3 Qxc5 9. cxd5 Nxd5 10. O-O Bf6 11. Bd2 Nxc3 12. Bxc3 Bxc3 13. Qxc3 Qxc3 14. bxc3 Nc6 15. Rfd1 Rb8 16. Nd4 Nxd4 17. cxd4 b6 18. Rac1 Ba6 19. e3 Rfc8 20. Bf1 Bxf1 21. Kxf1 Kf8 22. Ke2 Ke7 23. Kd3 Kd6 24. e4 f5 25. f3 fxe4+ 26. fxe4 Rxc1 27. Rxc1 Rf8 28. Ke3 g5 29. g4 Rf4 30. h3 h5 31. Rg1 hxg4 32. hxg4 b5 33. Rb1 a6 34. a4 Rxg4 35. axb5 axb5 36. Rxb5 Rg3+ 37. Ke2 Rg4 38. Ke3 Rg3+ 39. Ke2 Rg4 40. Rb6+ Ke7 41. Kf3 Rf4+ 42. Ke3 Rh4 43. Rb7+ Ke8 44. Rg7 Rh3+ 45. Ke2 Rh4 46. Kd3 Rh3+ 47. Kc4 Rh4 48. e5 g4 49. Kc5 Kf8 50. Rg6 Kf7 51. Rf6+ Ke7 52. Rg6 Kf7 53. Rf6+ Ke7 54. Rf4 Rh1 55. Rxg4 Rc1+ 56. Kb4 Rc2 57. Rg3 Rc1 58. Rc3 Rb1+ 59. Kc4 Rb8 60. Kd3 Kd7 61. Ke4 Rb1 62. Rf3 Re1+ 63. Kd3 Rd1+ 64. Kc3 Rc1+ 65. Kd2 Ra1 66. Rf6 Ra3 67. Ke2 Rb3 68. Rf3 Rb1 69. Ra3 Rb4 70. Kd3 Rb1 71. Ra6 Rc1 72. Ra7+ Ke8 73. Ke4 Re1+ 74. Kf4 Rf1+ 75. Kg5 Rd1 76. Kf6 Rxd4 77. Kxe6 Kf8 78. Ra8+ Kg7 79. Ke7 Rb4 80. Rd8 Ra4 81. e6 Ra6 82. Rd6 Ra8 83. Rd8 Ra6 84. Rd7 Ra8 85. Rd8 Ra6 1/2-1/2


[Site "https://www.chess.com"]

[Event "Titled Tuesday Blitz April 19 Early 2022"]
[White "Sukandar, Irine Kharisma"]
[Black "Skliarov, Viktor"]
[WhiteFideId "7101937"]
[BlackFideId "14106736"]
[WhiteElo "2293"]
[BlackElo "2229"]
[Result "0-1"]
[Round "11"]
[TimeControl "180+1"]
[Date "2022.04.19"]
[WhiteClock "0:01:33"]
[BlackClock "0:00:16"]

1. d4 Nf6 2. Bf4 g6 3. Nc3 d5 4. e3 Bg7 5. h4 h5 6. Nf3 O-O 7. Ne5 Nbd7 8. Nb5 c6 9. Nc3 Nxe5 10. Bxe5 Ng4 11. Bxg7 Kxg7 12. Qd2 Qc7 13. O-O-O e5 14. e4 dxe4 15. Nxe4 Bf5 16. Ng3 f6 17. Nxf5+ gxf5 18. f3 Nh6 19. dxe5 Qxe5 20. Bc4 Rad8 21. Qb4 b5 22. Bb3 f4 23. Rde1 Qd6 24. Re7+ Kh8 25. Qe4 Qd2+ 26. Kb1 Qd1+ 0-1


[Site "https://www.chess.com"]

[Event "Titled Tuesday Blitz April 19 Early 2022"]
[White "Svane, Frederik"]
[Black "Alekseenko, Kirill"]
[WhiteFideId "12923044"]
[BlackFideId "4135539"]
[WhiteElo "2459"]
[BlackElo "2682"]
[Result "0-1"]
[Round "11"]
[TimeControl "180+1"]
[Date "2022.04.19"]
[WhiteClock "0:00:08"]
[BlackClock "0:02:37"]

1. e4 e5 2. Nf3 Nc6 3. Bb5 a6 4. Ba4 d6 5. Nc3 Bd7 6. Bxc6 bxc6 7. d4 f6 8. O-O Ne7 9. Be3 Ng6 10. Qd3 Be7 11. Qc4 Qc8 12. a4 a5 13. Ne2 Qa6 14. Qxa6 Rxa6 15. b3 O-O 16. h3 Rb8 17. Rfd1 Be6 18. Nc3 Bf7 19. Ne1 h6 20. Nd3 Bf8 21. Rdb1 d5 22. Rd1 c5 23. dxc5 d4 24. Bxd4 exd4 25. Nb5 Rc6 26. Nxd4 Ra6 27. Nb5 Rc8 28. Rab1 Ne5 29. Nxe5 fxe5 30. Rd7 Bxc5 31. Rxc7 Rxc7 32. Nxc7 Rf6 33. Rf1 Bg6 34. Nd5 Rf7 35. Nc3 Bd4 36. Ne2 Bxe4 37. Nxd4 exd4 38. Rd1 Bxc2 39. Rxd4 Bxb3 40. Rd8+ Kh7 41. Rd3 Bxa4 42. Ra3 Rf4 43. Kf1 Rb4 44. Ke1 h5 45. Kd2 g5 46. g3 Kg6 47. f3 Bc6 48. Rxa5 Bxf3 49. Ke3 Bb7 50. Re5 Rb3+ 51. Kf2 Rf3+ 52. Ke2 Rxg3 53. Re6+ Kf5 54. Rb6 Be4 0-1


[Site "https://www.chess.com"]

[Event "Titled Tuesday Blitz April 19 Early 2022"]
[White "Sztokbant, Bernardo Vainzoff"]
[Black "Devaev, Alexander"]
[WhiteFideId "2115956"]
[BlackFideId "4169395"]
[WhiteElo "2225"]
[BlackElo "2185"]
[Result "0-1"]
[Round "11"]
[TimeControl "180+1"]
[Date "2022.04.19"]
[WhiteClock "0:00:02"]
[BlackClock "0:00:06"]

1. e4 c6 2. d4 d5 3. Nc3 dxe4 4. Nxe4 Nf6 5. Nxf6+ exf6 6. Nf3 Bd6 7. Be2 Na6 8. O-O Nc7 9. c4 h5 10. Be3 Be6 11. Qd2 g5 12. Rfe1 Qd7 13. Qc3 Be7 14. d5 cxd5 15. Bxg5 Rc8 16. Bxf6 Rg8 17. Bxe7 Qxe7 18. Bf1 Kf8 19. cxd5 Nxd5 20. Qxc8+ Bxc8 21. Rxe7 Kxe7 22. Re1+ Kf6 23. Rd1 Nf4 24. g3 Bg4 25. Rd4 Ne6 26. Rd3 Rc8 27. h3 Bf5 28. Rd2 Rc1 29. Kg2 Bxh3+ 30. Kxh3 Rxf1 31. Kg2 Rb1 32. b3 Ra1 33. Rc2 b6 34. Nd2 Kg5 35. Ne4+ Kg6 36. Nc3 Nc5 37. Nb5 a5 38. Nd6 Nd3 39. Rd2 Ne1+ 40. Kh3 Nf3 41. Rc2 Nd4 42. Rd2 Nf3 43. Rc2 Nd4 44. Rc4 Ne6 45. f4 Rxa2 46. f5+ Kf6 47. fxe6 fxe6 48. Rc6 Rb2 49. Rxb6 a4 50. b4 a3 51. Ra6 a2 52. b5 Ke7 53. Nc4 Rc2 54. Ne5 Kf6 55. Nd3 Rd2 56. Nf4 h4 57. Kxh4 Kf5 58. Nxe6 Rh2# 0-1


[Site "https://www.chess.com"]

[Event "Titled Tuesday Blitz April 19 Early 2022"]
[White "Tristan, Leonardo"]
[Black "Kozak, Antoni"]
[WhiteFideId "113816"]
[BlackFideId "21832030"]
[WhiteElo "2404"]
[BlackElo "2236"]
[Result "1-0"]
[Round "11"]
[TimeControl "180+1"]
[Date "2022.04.19"]
[WhiteClock "0:01:51"]
[BlackClock "0:00:05"]

1. d4 d5 2. Nf3 Nf6 3. Bf4 c5 4. e3 cxd4 5. exd4 Nc6 6. Nbd2 Bg4 7. c3 e6 8. Qb3 Qc8 9. Bd3 Be7 10. O-O O-O 11. Rae1 Bh5 12. Ne5 Bd8 13. Re3 Bc7 14. Rh3 Bg6 15. Nxg6 hxg6 16. Bg5 Nh7 17. Nf3 Re8 18. Qc2 Ne7 19. Re1 Nf5 20. g4 Nxg5 21. Nxg5 Nh6 22. Bxg6 Qd8 23. Bxf7+ Nxf7 24. Rh8+ Nxh8 25. Qh7+ Kf8 26. Qxh8+ Ke7 27. Qxg7+ Kd6 28. Nf7+ Kc6 29. Nxd8+ Raxd8 30. Qf7 Kd6 31. g5 Re7 32. Qf6 Kd7 33. f4 Rde8 34. g6 Bd6 35. h4 Rg8 36. h5 Ree8 37. f5 exf5 38. Rxe8 Rxe8 39. Qxf5+ Kc6 40. g7 1-0


[Site "https://www.chess.com"]

[Event "Titled Tuesday Blitz April 19 Early 2022"]
[White "Trost, Edvin"]
[Black "Csonka, Balazs"]
[WhiteFideId "1729519"]
[BlackFideId "742910"]
[WhiteElo "2556"]
[BlackElo "2667"]
[Result "1-0"]
[Round "11"]
[TimeControl "180+1"]
[Date "2022.04.19"]
[WhiteClock "0:00:50"]
[BlackClock "0:00:02"]

1. d4 Nf6 2. c4 g6 3. Nc3 d5 4. cxd5 Nxd5 5. e4 Nxc3 6. bxc3 Bg7 7. Bc4 c5 8. Ne2 Nc6 9. Be3 O-O 10. h4 cxd4 11. cxd4 Qa5+ 12. Kf1 Qa3 13. h5 Bg4 14. hxg6 hxg6 15. Rb1 Rad8 16. Rb3 Qxa2 17. f3 Be6 18. Bxe6 fxe6 19. Rd3 Qa6 20. Kf2 Ne5 21. Rc3 Ng4+ 22. Kg1 Nxe3 23. Rxe3 Qb6 24. e5 Rd5 25. Qd3 Rf5 26. Rh4 g5 27. Rhe4 Qd8 28. Qc2 b5 29. Rg4 b4 30. Ng3 Rxd4 31. Nxf5 Rxg4 32. fxg4 exf5 33. gxf5 Qd4 34. Qb3+ Kh7 35. Kf1 Bxe5 36. Qf7+ Bg7 37. Rh3+ Qh4 38. Rxh4+ gxh4 39. Qh5+ Kg8 40. Qxh4 Kf8 41. Qc4 Bc3 42. g4 a5 43. Qb3 Bf6 44. Qa4 Kg7 45. Qxa5 b3 46. Qb5 b2 47. Ke2 Kh6 48. Kf3 Kg5 49. Qb3 Kh6 50. Kf4 Bg5+ 51. Ke5 Bf6+ 52. Ke6 Kg5 53. Qb4 Kh4 54. Kd5 Kg5 55. Kc6 Kh4 56. Kb5 Kg5 57. Ka4 Kh4 58. Ka3 e6 59. fxe6 Be7 60. Qxe7+ 1-0


[Site "https://www.chess.com"]

[Event "Titled Tuesday Blitz April 19 Early 2022"]
[White "Tsyhanchuk, Stanislav"]
[Black "Demchenko, Anton"]
[WhiteFideId "13505130"]
[BlackFideId "4160258"]
[WhiteElo "2078"]
[BlackElo "2539"]
[Result "0-1"]
[Round "11"]
[TimeControl "180+1"]
[Date "2022.04.19"]
[WhiteClock "0:00:06"]
[BlackClock "0:00:26"]

1. d4 Nf6 2. c4 d6 3. Nf3 Nbd7 4. g3 g6 5. Bg2 Bg7 6. O-O O-O 7. Nc3 e5 8. e4 exd4 9. Nxd4 Nc5 10. h3 Re8 11. Re1 a5 12. Qc2 a4 13. Be3 c6 14. Rad1 Nfd7 15. f4 Qa5 16. Bf2 Nb6 17. b3 axb3 18. axb3 Qb4 19. Rb1 Nbd7 20. Na2 Qa3 21. Nc3 Nf8 22. b4 Nce6 23. Red1 Nxd4 24. Bxd4 Bxd4+ 25. Rxd4 Qa7 26. Qf2 Be6 27. b5 Qc5 28. Bf1 Ra3 29. Qe3 Rea8 30. bxc6 bxc6 31. Kh1 Ra1 32. f5 Bc8 33. fxg6 hxg6 34. Rd3 Rxb1 35. Nxb1 Qxc4 36. Rd1 Qe6 37. Nd2 Ba6 38. Kg2 Bxf1+ 39. Rxf1 Nd7 40. Nf3 Ra2+ 41. Rf2 Rxf2+ 42. Kxf2 Qxh3 43. Qa7 Nf6 44. Qb8+ Kg7 45. Ng5 Qh2+ 46. Kf3 Qh5+ 47. Kf4 Qg4+ 0-1


[Site "https://www.chess.com"]

[Event "Titled Tuesday Blitz April 19 Early 2022"]
[White "Vignesh, N R"]
[Black "Hua, Lefong"]
[WhiteFideId "25012215"]
[BlackFideId "2602253"]
[WhiteElo "2734"]
[BlackElo "2595"]
[Result "0-1"]
[Round "11"]
[TimeControl "180+1"]
[Date "2022.04.19"]
[WhiteClock "0:00:20"]
[BlackClock "0:00:12"]

1. b3 Nf6 2. Bb2 g6 3. Nf3 Bg7 4. g3 O-O 5. Bg2 c5 6. O-O Nc6 7. c4 d6 8. d4 Ne4 9. Nbd2 Bf5 10. e3 Nxd2 11. Qxd2 Be4 12. Rfd1 e5 13. dxc5 dxc5 14. Qe2 Qe7 15. Nd2 Bxg2 16. Kxg2 e4 17. Bxg7 Kxg7 18. h4 Rad8 19. h5 f5 20. hxg6 hxg6 21. Rh1 Rh8 22. Rxh8 Rxh8 23. Rd1 Rd8 24. Nb1 Rxd1 25. Qxd1 Qd8 26. Qc2 Ne5 27. Qc3 Qf6 28. Qa5 Qb6 29. Qxb6 axb6 30. Nc3 Kf7 31. Nd5 Nd7 32. g4 Ke6 33. Kg3 Ke5 34. g5 Kd6 35. a4 Ke5 36. f3 exf3 37. Kxf3 Ke6 38. Nf4+ Kf7 39. e4 Ne5+ 40. Ke3 Ng4+ 41. Ke2 fxe4 42. Nd5 Ne5 43. Ke3 Nf3 44. Nxb6 Ke6 45. Kxe4 Nxg5+ 46. Kf4 Nf7 47. Nd5 Kd6 48. Nc3 Kc6 49. a5 Nd6 50. Kg5 Nf5 51. Kxg6 Nd4 52. Kg5 Nxb3 53. a6 bxa6 54. Kf4 Nd2 55. Ke3 Nxc4+ 56. Kd3 Nb6 57. Kc2 c4 58. Kb2 Kc5 59. Ka3 Nd5 60. Ne4+ Kb5 61. Nd2 c3 62. Nf3 Kc4 63. Ne1 Nb4 64. Ka4 c2 65. Nxc2 Nxc2 66. Ka5 Nb4 67. Ka4 Kc5 68. Ka5 Kc4 69. Ka4 Kc3 70. Ka5 Kb3 0-1


[Site "https://www.chess.com"]

[Event "Titled Tuesday Blitz April 19 Early 2022"]
[White "Vokhidov, Shamsiddin"]
[Black "Shimanov, Aleksandr"]
[WhiteFideId "14204223"]
[BlackFideId "4198603"]
[WhiteElo "2611"]
[BlackElo "2636"]
[Result "1-0"]
[Round "11"]
[TimeControl "180+1"]
[Date "2022.04.19"]
[WhiteClock "0:00:08"]
[BlackClock "0:00:02"]

1. e4 c6 2. d4 d5 3. e5 Bf5 4. h4 h5 5. Bd3 Bxd3 6. Qxd3 Qa5+ 7. Nd2 e6 8. Nf3 Ne7 9. O-O Nf5 10. Nb3 Qa6 11. Qd1 Nd7 12. Bg5 c5 13. c3 c4 14. Nc1 Qc6 15. Ne2 b5 16. Ng3 g6 17. Qd2 a5 18. b3 cxb3 19. axb3 Nb6 20. Bf6 Rg8 21. Ra2 a4 22. Rb1 Kd7 23. bxa4 bxa4 24. Ng5 Bh6 25. Nxf5 gxf5 26. Qe2 Bxg5 27. hxg5 Nc4 28. Qxh5 Raf8 29. Qh7 a3 30. Rb4 Qa6 31. Bg7 Re8 32. Bh6 Ke7 33. Bg7 Kd7 34. Ra1 a2 35. Bf6 Ref8 36. Qh5 Kc6 37. Be7 Rh8 38. Qe2 Ra8 39. Bc5 Rhb8 40. Rxa2 Qc8 41. Rxc4 dxc4 42. Qf3+ Kd7 43. Rxa8 Rxa8 44. Qh5 Qg8 45. Qf3 Ra1+ 46. Kh2 Qh8+ 47. Kg3 Qa8 48. Qh5 Qg8 49. Kh2 Qg6 50. Qf3 Qh7+ 51. Kg3 Qh8 52. Qb7+ 1-0


[Site "https://www.chess.com"]

[Event "Titled Tuesday Blitz April 19 Early 2022"]
[White "Vusatiuk, Vladimir"]
[Black "Rom, Jasper"]
[WhiteFideId "14118610"]
[BlackFideId "2023733"]
[WhiteElo "2157"]
[BlackElo "2233"]
[Result "1-0"]
[Round "11"]
[TimeControl "180+1"]
[Date "2022.04.19"]
[WhiteClock "0:00:15"]
[BlackClock "0:00:02"]

1. d4 d5 2. Nc3 Nf6 3. Bf4 c6 4. e3 Qb6 5. Qc1 Bf5 6. Bd3 Bxd3 7. cxd3 Nbd7 8. Nf3 e6 9. O-O Be7 10. Rb1 a5 11. Na4 Qb5 12. Qc2 O-O 13. h3 Rfc8 14. Rfc1 h6 15. a3 b6 16. Nc3 Qa6 17. b4 c5 18. dxc5 bxc5 19. b5 Qb7 20. e4 Nb6 21. e5 Nfd7 22. Qd2 Bf8 23. Re1 c4 24. d4 a4 25. g4 Bxa3 26. Bxh6 gxh6 27. Qxh6 Bf8 28. Qh5 Bg7 29. Ng5 Nf8 30. f4 Re8 31. f5 f6 32. exf6 Bxf6 33. fxe6 Bxd4+ 34. Kg2 Bxc3 35. Qf7+ Qxf7 36. exf7+ Kg7 37. Rxe8 a3 38. Rf1 a2 39. Rxf8 Kxf8 40. Ne6+ Ke7 41. f8=Q+ Rxf8 42. Nxf8 a1=Q 43. Rxa1 Bxa1 44. Ng6+ Kf6 45. Nf4 Ke5 46. Ne2 d4 47. Kf3 d3 48. Nf4 1-0


[Site "https://www.chess.com"]

[Event "Titled Tuesday Blitz April 19 Early 2022"]
[White "Wagner, Dennis"]
[Black "Kobo, Ori"]
[WhiteFideId "24650684"]
[BlackFideId "2812320"]
[WhiteElo "2355"]
[BlackElo "2420"]
[Result "0-1"]
[Round "11"]
[TimeControl "180+1"]
[Date "2022.04.19"]
[WhiteClock "0:00:07"]
[BlackClock "0:00:08"]

1. c4 e5 2. g3 Nc6 3. Bg2 Bc5 4. Nc3 a6 5. e3 d6 6. Nge2 Nge7 7. d4 Ba7 8. O-O O-O 9. h3 Bd7 10. b3 Qc8 11. Kh2 exd4 12. Nxd4 Nxd4 13. exd4 Nf5 14. d5 Re8 15. Bb2 Qd8 16. Ne4 Ne7 17. Qh5 Bf5 18. Nf6+ gxf6 19. Bxf6 Bg6 20. Qg5 Qd7 21. g4 Nf5 22. Rae1 h6 23. Qf4 Kh7 24. gxf5 Qxf5 25. Qxf5 Bxf5 26. Bh4 Bd3 27. Rg1 Bd4 28. Bf3 Bc3 29. Rd1 Bg6 30. Rg2 a5 31. a4 Ra6 32. Rdg1 Rb6 33. Bd1 Be5+ 34. Bg3 Bd4 35. h4 h5 36. Bf4 Be5 37. Bxe5 Rxe5 38. Rg5 Re4 39. Kh3 Kh6 40. R1g3 Rf4 41. Rg1 Rxf2 42. R5g3 Rd2 43. R3g2 Rd3+ 44. Kh2 Rd4 45. Rf2 Rxh4+ 46. Kg3 Re4 47. Rh1 Re5 48. Rfh2 Ra6 49. Kf4 Ra8 50. Bf3 b6 51. Rh4 Rae8 52. Kg3 Rg5+ 53. Kf2 Ree5 54. Rf4 Rgf5 55. Rxf5 Rxf5 56. Kg3 Kg5 57. Be2 Re5 58. Bf3 Re3 59. Kf2 Rxb3 60. Rg1+ Kf4 61. Be2 Rb2 62. Rf1 h4 63. Ke1+ Ke5 64. Rf3 Rb4 65. Rh3 Rxa4 66. Rxh4 Rb4 67. Kd2 Kf6 68. Kc3 Kg5 69. Rh2 Rb1 70. Rg2+ Kf4 71. Rf2+ Ke3 72. Rh2 Rc1+ 73. Kb2 Rc2+ 74. Kb3 Rxe2 75. Rh3+ Kf2 76. Ka4 Re5 77. Kb5 Kg2 78. Ra3 f5 79. Kc6 f4 80. Kxc7 f3 81. c5 bxc5 82. Kxd6 Rf5 83. Kxc5 f2 84. Rxa5 f1=Q 85. Kc6 Qc4+ 86. Rc5 Rf6+ 87. d6 Be4+ 88. Kb6 Rxd6+ 89. Ka7 Qxc5+ 90. Kb8 Qb6+ 0-1


[Site "https://www.chess.com"]

[Event "Titled Tuesday Blitz April 19 Early 2022"]
[White "Weetik, Vjacheslav"]
[Black "Sanal, Vahap"]
[WhiteFideId "4153472"]
[BlackFideId "6300545"]
[WhiteElo "2469"]
[BlackElo "2603"]
[Result "1-0"]
[Round "11"]
[TimeControl "180+1"]
[Date "2022.04.19"]
[WhiteClock "0:00:17"]
[BlackClock "0:00:58"]

1. e4 e5 2. Nf3 Nc6 3. Nc3 Nf6 4. Bb5 Bd6 5. d3 a6 6. Ba4 h6 7. g4 Nd4 8. g5 hxg5 9. Bxg5 Ne6 10. Be3 Ng4 11. Qe2 b5 12. Bb3 c6 13. O-O-O a5 14. d4 a4 15. Bxe6 fxe6 16. Rhg1 Nxe3 17. Qxe3 exd4 18. Qxd4 Bf4+ 19. Kb1 Bh6 20. Rxg7 Bxg7 21. Qxg7 Rf8 22. Qg6+ Ke7 23. Ne5 Qe8 24. Qg5+ Rf6 25. Ng4 Qg6 26. Qh4 e5 27. f4 b4 28. fxe5 bxc3 29. exf6+ Ke6 30. Qg3 Qh5 31. Qd6+ Kf7 32. Qe7+ 1-0


[Site "https://www.chess.com"]

[Event "Titled Tuesday Blitz April 19 Early 2022"]
[White "Weishaeutel, Moritz"]
[Black "Samant Aditya S"]
[WhiteFideId "12967300"]
[BlackFideId "35080580"]
[WhiteElo "2542"]
[BlackElo "2650"]
[Result "0-1"]
[Round "11"]
[TimeControl "180+1"]
[Date "2022.04.19"]
[WhiteClock "0:00:01"]
[BlackClock "0:00:04"]

1. e4 c5 2. b4 cxb4 3. a3 bxa3 4. d4 e6 5. Bd3 d6 6. Nxa3 Nf6 7. Ne2 Be7 8. O-O O-O 9. f4 Nc6 10. c3 e5 11. fxe5 dxe5 12. d5 Na5 13. Nb5 b6 14. d6 Bxd6 15. Nxd6 Qxd6 16. Ba3 Qc7 17. Bxf8 Kxf8 18. Ng3 Be6 19. Rc1 Rd8 20. Qe2 Nb3 21. Rcd1 Qxc3 22. Qc2 Qxc2 23. Bxc2 Rxd1 24. Rxd1 Nd4 25. Bd3 Nd7 26. Ne2 Nxe2+ 27. Bxe2 Ke7 28. Ra1 a5 29. Rb1 Kd6 30. Kf2 Kc7 31. Ke3 Nc5 32. Bb5 Bd7 33. Bc4 f6 34. g4 Bc6 35. Bd5 b5 36. Rc1 Kb6 37. Bxc6 Kxc6 38. h4 h6 39. g5 hxg5 40. hxg5 fxg5 41. Rg1 Ne6 42. Rc1+ Kb6 43. Rd1 Nd4 44. Rg1 Ne6 45. Rd1 Nd4 46. Rg1 b4 47. Kd3 Ne6 0-1


[Site "https://www.chess.com"]

[Event "Titled Tuesday Blitz April 19 Early 2022"]
[White "Winkels, Marcel"]
[Black "Petrova, Irina"]
[WhiteFideId "1003887"]
[BlackFideId "14124122"]
[WhiteElo "1900"]
[BlackElo "1993"]
[Result "0-1"]
[Round "11"]
[TimeControl "180+1"]
[Date "2022.04.19"]
[WhiteClock "0:00:56"]
[BlackClock "0:01:32"]

1. d4 d6 2. Nc3 Nf6 3. e4 e5 4. Nf3 Nbd7 5. Rg1 g6 6. g4 Bg7 7. Be3 O-O 8. Qd2 c6 9. O-O-O b5 10. Kb1 b4 11. Ne2 Nxe4 12. Qd3 d5 13. dxe5 Nxe5 14. Nxe5 Bxe5 15. Ng3 Nxg3 16. hxg3 a5 17. f4 Bg7 18. g5 Bf5 19. Qd2 Re8 20. Rh1 Qe7 21. Bd4 Bxd4 22. Qxd4 Qe4 23. Qd2 Qxh1 24. Bb5 Qe4 25. Bxc6 Rac8 26. Bxe8 Qxc2+ 27. Qxc2 Bxc2+ 28. Kc1 Bxd1+ 29. Kxd1 Rxe8 30. Kd2 Kg7 31. Kd3 f6 32. Kd4 fxg5 33. fxg5 Re2 34. Kxd5 Rxb2 35. Kc5 Rxa2 36. Kb5 b3 37. Kc4 b2 38. Kb3 b1=Q+ 0-1


[Site "https://www.chess.com"]

[Event "Titled Tuesday Blitz April 19 Early 2022"]
[White "Yang, Kaiqi"]
[Black "Czerw, Dawid"]
[WhiteFideId "8604398"]
[BlackFideId "1145746"]
[WhiteElo "2373"]
[BlackElo "2125"]
[Result "1-0"]
[Round "11"]
[TimeControl "180+1"]
[Date "2022.04.19"]
[WhiteClock "0:01:09"]
[BlackClock "0:01:43"]

1. e4 c5 2. Nc3 Nc6 3. Bb5 Nd4 4. Nf3 Nxb5 5. Nxb5 g6 6. d4 cxd4 7. Qxd4 Nf6 8. e5 Ng8 9. O-O a6 10. Nd6+ exd6 11. exd6 f6 12. Ng5 fxg5 13. Qxh8 Kf7 14. f4 g4 15. f5 Bg7 16. Qxh7 gxf5 17. Rxf5+ Nf6 18. Bg5 1-0


[Site "https://www.chess.com"]

[Event "Titled Tuesday Blitz April 19 Early 2022"]
[White "Yeletsky, Ivan"]
[Black "Zhurikhin, Alexander"]
[WhiteFideId "24180327"]
[BlackFideId "4139569"]
[WhiteElo "2319"]
[BlackElo "2204"]
[Result "1-0"]
[Round "11"]
[TimeControl "180+1"]
[Date "2022.04.19"]
[WhiteClock "0:01:46"]
[BlackClock "0:00:51"]

1. e4 c5 2. Nf3 d6 3. d4 cxd4 4. Nxd4 Nf6 5. Nc3 a6 6. Bg5 e6 7. Qf3 Nbd7 8. O-O-O Qc7 9. Be2 b5 10. a3 Bb7 11. Rhe1 Be7 12. Qh3 O-O 13. f4 Rac8 14. Bd3 e5 15. Nd5 Bxd5 16. exd5 h6 17. Nf5 Rfe8 18. Bxh6 gxh6 19. Qg3+ 1-0


[Site "https://www.chess.com"]

[Event "Titled Tuesday Blitz April 19 Early 2022"]
[White "Yurovskykh, Oleksandr"]
[Black "Bilych, Olexiy"]
[WhiteFideId "14134020"]
[BlackFideId "14156504"]
[WhiteElo "2610"]
[BlackElo "2704"]
[Result "0-1"]
[Round "11"]
[TimeControl "180+1"]
[Date "2022.04.19"]
[WhiteClock "0:00:06"]
[BlackClock "0:00:22"]

1. d4 d5 2. Bf4 c5 3. e3 Nc6 4. c3 Qb6 5. Qb3 c4 6. Qc2 Bf5 7. Qxf5 Qxb2 8. Qxd5 Qxa1 9. Qb5 O-O-O 10. Bxc4 e5 11. Ne2 exf4 12. O-O Bb4 13. cxb4 Qb2 14. Qf5+ Kb8 15. Qxf4+ Ka8 16. b5 Na5 17. Bd3 Qxa2 18. Nbc3 Qe6 19. Ra1 Nc4 20. Qc7 Rc8 21. Bxc4 Rxc7 22. Bxe6 fxe6 23. b6 Rc6 24. bxa7 Nf6 25. e4 Rhc8 26. Ra3 Nxe4 27. Nd1 Ra6 28. Re3 Ra1 29. h4 Rxd1+ 30. Kh2 Nf6 31. Rxe6 Kxa7 32. Re7 Re1 0-1


[Site "https://www.chess.com"]

[Event "Titled Tuesday Blitz April 19 Early 2022"]
[White "Zaksaite, Salomeja"]
[Black "Lopez, Henry"]
[WhiteFideId "12801496"]
[BlackFideId "5203830"]
[WhiteElo "1953"]
[BlackElo "2177"]
[Result "1-0"]
[Round "11"]
[TimeControl "180+1"]
[Date "2022.04.19"]
[WhiteClock "0:00:42"]
[BlackClock "0:01:02"]

1. e4 c5 2. Nf3 d6 3. d4 cxd4 4. Nxd4 Nf6 5. Nc3 a6 6. h3 e5 7. Nde2 h5 8. g3 Be6 9. Bg2 Nbd7 10. Be3 Rc8 11. Nd5 Bxd5 12. exd5 b5 13. O-O g6 14. f4 Bg7 15. a4 b4 16. f5 gxf5 17. Rxf5 Qc7 18. c3 Qc4 19. b3 Qc7 20. c4 h4 21. g4 Nc5 22. Qc2 O-O 23. Raf1 Nh7 24. Rh5 f5 25. Rfxf5 Rxf5 26. Qxf5 Nf8 27. Bh6 Re8 28. Bxg7 Kxg7 29. Rg5+ Kh8 30. Qf6+ Kh7 31. Rh5+ Kg8 32. Rh8# 1-0


[Site "https://www.chess.com"]

[Event "Titled Tuesday Blitz April 19 Early 2022"]
[White "Zemerov, Vladimir"]
[Black "Le Ruyet, Leopold"]
[WhiteFideId "4111583"]
[BlackFideId "645923"]
[WhiteElo "2277"]
[BlackElo "2276"]
[Result "1-0"]
[Round "11"]
[TimeControl "180+1"]
[Date "2022.04.19"]
[WhiteClock "0:01:40"]
[BlackClock "0:00:34"]

1. d4 Nf6 2. c4 g6 3. Nc3 Bg7 4. e4 d6 5. h3 O-O 6. Bg5 c6 7. Bd3 e5 8. d5 Na6 9. g4 Nc5 10. Bc2 a5 11. Nge2 Bd7 12. Ng3 b5 13. dxc6 Bxc6 14. cxb5 Bb7 15. f3 h6 16. Be3 Qe7 17. Qd2 Rfd8 18. Bxh6 Nfxe4 19. fxe4 Qh4 20. Bxg7 Qxg3+ 21. Qf2 Qxf2+ 22. Kxf2 Kxg7 23. Rad1 Ne6 24. h4 Nd4 25. Bd3 f5 26. gxf5 gxf5 27. Rhg1+ Kf6 28. exf5 Nxf5 29. Bxf5 Kxf5 30. Rg5+ Kf6 31. Kg3 e4 32. Nd5+ Bxd5 33. Rgxd5 Ke6 34. Kf4 Rac8 35. Kxe4 Rc2 36. R1d2 Rc1 37. a4 Re1+ 38. Kd4 Rh1 39. Re2+ Kd7 40. Rh5 Rg8 41. Rh7+ Kd8 42. Kd5 Rd1+ 43. Kc6 Rc1+ 44. Kb6 d5 45. Ree7 Rg6+ 46. Kxa5 d4 47. Ra7 1-0


[Site "https://www.chess.com"]

[Event "Titled Tuesday Blitz April 19 Early 2022"]
[White "Zemlyanskii, Ivan"]
[Black "Aroesti, Roee"]
[WhiteFideId "24249971"]
[BlackFideId "2817144"]
[WhiteElo "2756"]
[BlackElo "2599"]
[Result "1-0"]
[Round "11"]
[TimeControl "180+1"]
[Date "2022.04.19"]
[WhiteClock "0:00:49"]
[BlackClock "0:00:12"]

1. c4 g6 2. g3 Bg7 3. Bg2 e5 4. Nc3 Ne7 5. Nf3 Nbc6 6. O-O O-O 7. d3 d6 8. Be3 h6 9. Rc1 f5 10. Nd5 Nxd5 11. cxd5 Ne7 12. Qb3 f4 13. Bd2 Rf7 14. Qc4 c6 15. dxc6 bxc6 16. gxf4 d5 17. Qc5 e4 18. Ne5 exd3 19. Nxf7 Kxf7 20. exd3 Bf5 21. Rfe1 Bf8 22. Bb4 Rc8 23. Qxa7 Rc7 24. Qb6 Nc8 25. Qa5 Nd6 26. Rxc6 Rd7 27. Bxd5+ Kg7 28. Qxd8 Rxd8 29. Rc7+ Kh8 30. Bc3+ Bg7 31. Rxg7 Rd7 32. Rxd7# 1-0


[Site "https://www.chess.com"]

[Event "Titled Tuesday Blitz April 19 Early 2022"]
[White "Zhu, Jiner"]
[Black "Vlassov, Nikolai"]
[WhiteFideId "8608059"]
[BlackFideId "4103360"]
[WhiteElo "2698"]
[BlackElo "2597"]
[Result "0-1"]
[Round "11"]
[TimeControl "180+1"]
[Date "2022.04.19"]
[WhiteClock "0:01:26"]
[BlackClock "0:00:57"]

1. e4 Nc6 2. d4 d5 3. exd5 Qxd5 4. c3 Nf6 5. Nf3 Bg4 6. Be2 O-O-O 7. h3 Bh5 8. Be3 e5 9. dxe5 Qxd1+ 10. Bxd1 Nxe5 11. Be2 Bxf3 12. gxf3 Nd5 13. Na3 Bxa3 14. bxa3 Nxc3 15. Rc1 Nd3+ 16. Bxd3 Rxd3 17. Kf1 Rhd8 18. Kg2 Nd5 19. Rhe1 Rxa3 20. Rc2 Re8 21. Bc1 Rxe1 22. Bxa3 g5 23. Bc1 h6 24. Kg3 f5 25. f4 g4 26. hxg4 Rg1+ 27. Kh4 Rxg4+ 28. Kh5 Kd7 29. Kxh6 Ke6 30. Re2+ Kf7 31. Re5 Nf6 0-1


[Site "https://www.chess.com"]

[Event "Titled Tuesday Blitz April 19 Early 2022"]
[White "Zor, Alber Kadir"]
[Black "Mokshanov, Alexey"]
[WhiteFideId "6353169"]
[BlackFideId "24121657"]
[WhiteElo "1966"]
[BlackElo "2141"]
[Result "1-0"]
[Round "11"]
[TimeControl "180+1"]
[Date "2022.04.19"]
[WhiteClock "0:00:48"]
[BlackClock "0:01:27"]

1. e4 e6 2. d4 d5 3. Nc3 Nf6 4. Bg5 Be7 5. e5 Nfd7 6. h4 Nc6 7. Qd2 f6 8. exf6 Nxf6 9. O-O-O O-O 10. f3 e5 11. dxe5 Nxe5 12. Nxd5 Nxd5 13. Qxd5+ Qxd5 14. Rxd5 Bd6 15. Nh3 Be6 16. Rd4 Rae8 17. Bb5 Nc6 18. Rdd1 Bxa2 19. b3 Ba3+ 20. Kd2 h6 21. Ra1 hxg5 22. Rxa2 Rd8+ 23. Kc3 Nd4 24. Bc4+ 1-0